 Dungeon Crawl Stone Soup version 0.24-a0-433-gbe6fa4f6cc (webtiles) character file.

Game seed: 2133810076236969634

11592 Anmu the Cleaver (level 12, -16/82 HPs)
             Began as a Formicid Fighter on June 14, 2019.
             Was a High Priest of Okawaru.
             Demolished by a titanic slime creature (67 damage)
             ... on level 11 of the Dungeon.
             The game lasted 00:40:00 (12066 turns).

Anmu the Cleaver (Formicid Fighter)                Turns: 12066, Time: 00:40:01

Health: -16/82     AC: 13    Str: 23    XL:     12   Next: 9%
Magic:  13/13      EV: 10    Int: 10    God:    Okawaru [*****.]
Gold:   534        SH: 13    Dex: 13    Spells: 11/11 levels left

rFire    . . .     SeeInvis +   a - +1 war axe
rCold    . . .     Gourm    .   c - +1 shield
rNeg     . . .     Faith    .   r - +0 chain mail
rPois    +         Spirit   .   (helmet unavailable)
rElec    .         Reflect  .   (no cloak)
rCorr    .         Harm     .   C - +0 pair of gloves
MR       ++...                  o - +0 pair of boots
Stlth    ..........             B - amulet of regeneration
HPRegen  0.00/turn              x - ring of protection from magic
MPRegen  0.13/turn              D - ring of poison resistance

@: no status effects
A: permanent stasis, dig shafts and tunnels, four strong arms, antennae 3,
clever 1, frail 1, inhibited regeneration, MP-powered wands
a: Dig, Shaft Self, Heroism, Finesse, Renounce Religion


You were on level 11 of the Dungeon.
You worshipped Okawaru.
Okawaru was extremely pleased with you.
You were hungry.

You visited 2 branches of the dungeon, and saw 12 of its levels.

You collected 534 gold pieces.

Inventory:

Hand Weapons
 a - a +1 war axe (weapon)
 b - a +0 arbalest
 p - a +0 morningstar
 s - a +2 dire flail of crushing
Missiles
 l - 141 bolts
 y - 2 boomerangs (quivered)
Armour
 c - a +1 shield (worn)
 o - a +0 pair of boots (worn)
 r - a +0 chain mail (worn)
 C - a +0 pair of gloves (worn)
Jewellery
 k - an uncursed ring of positive energy
 u - an uncursed ring of resist corrosion
 x - a ring of protection from magic (left hand)
 B - an amulet of regeneration (around neck)
 D - a ring of poison resistance (right hand)
Wands
 h - a wand of paralysis (12)
 m - a wand of digging (9)
 n - a wand of random effects (16)
 w - a wand of scattershot (4)
 z - a wand of flame (20)
Scrolls
 e - a scroll of immolation
 g - a scroll of enchant armour
 j - 2 scrolls of identify
 t - 2 scrolls of remove curse
Potions
 d - a potion of might
 q - a potion of brilliance
 v - 2 potions of invisibility
 A - 3 potions of heal wounds
Comestibles
 f - 19 rations


   Skills:
 + Level 7.9 Fighting
 + Level 11.9 Axes
 + Level 3.5 Crossbows
 + Level 8.2 Armour
 + Level 3.8 Dodging
 + Level 1.2 Stealth
 + Level 10.5 Shields
 + Level 1.6 Invocations


You had 11 spell levels left.
You didn't know any spells.
Your spell library was empty.

Dungeon Overview and Level Annotations

Branches:
Dungeon (11/15)            Temple (1/1) D:4            Lair (0/6) D:9
    Orc: D:9-12

Altars:
Ashenzari
Cheibriados
Dithmenos
Elyvilon
Fedhas
Gozag
Hepliaklqana
Kikubaaqudgha
Makhleb
Nemelex Xobeh
Okawaru
Qazlal
Ru
Sif Muna
Trog
Uskayaw
Vehumet
Wu Jian
Xom
Yredelemnul
Zin
The Shining One
Beogh

Shops:
D:7 =   D:9 (

Annotations:
D:4 2 runed translucent doors, motoroller71's ghost, amateur GrFi
D:7 3 runed translucent doors, Ashenai's ghost, novice MiBe


Innate Abilities, Weirdness & Mutations

You cannot be hasted, slowed, berserked, paralysed or teleported.
You can dig through walls and to a lower floor.
Your four strong arms can wield two-handed weapons with a shield.
You have a pair of large antennae on your head. (SInv)
Your mind is acute. (Int +2)
You are frail. (-10% HP)
You do not regenerate when monsters are visible.
You expend magic power (3 MP) to strengthen your wands.


Message History

The slime creature barely misses you.
Two slime creatures merge to form a very large slime creature.
You slash the slime creature!
The slime creature is moderately wounded.
Two slime creatures merge to form an enormous slime creature.
The slime creature misses you.
You slash the slime creature!
The slime creature is moderately wounded.
The slime creature hits you but does no damage.
You barely miss the slime creature.
The slime creature is moderately wounded.
The slime creature hits you but does no damage.
Two slime creatures merge to form a titanic slime creature.
You slash the titanic slime creature!
The titanic slime creature is lightly wounded.
You hit the titanic slime creature.
The titanic slime creature is lightly wounded.
The titanic slime creature hits you!!!
Ouch! That really hurt!
You die...

....... ....(..
....... ..... ...
≈≈P♣.#.##
≈≈≈≈≈...##
≈P≈≈{..#J##
...........##@##
(≈≈≈≈≈P≈≈P≈≈.#
##.#
≈≈≈P≈≈≈≈≈≈♣..
##.## ≈≈;{
≈≈≈≈≈+####.##
♣...♣♣♣≈≈......##
...##..........#
...##..........#
.....<.........#
...............#


You could see a titanic slime creature.

Vanquished Creatures
  Erolcha (D:9)
  2 unseen horrors
  Pikel (D:8)
  A centaur zombie (D:11)
  A troll (D:10)
  A queen bee (D:8)
  Sigmund (D:3)
  17 yaks (D:10)
  A hungry ghost (D:11)
  Edmund (D:6)
  Menkaure (D:5)
  Duvessa (D:6)
  A black bear (D:10)
  A slave (D:8)
  4 ice beasts
  2 phantoms
  2 sky beasts
  3 necrophages
  An ogre (D:4)
  4 centaurs
  A crocodile (D:9)
  2 big kobolds
  6 bullfrogs
  Blork the orc (D:4)
  A gnoll sergeant (D:8)
  3 scorpions
  Dowan (D:6)
  30 killer bees
  4 wights (D:11)
  2 howler monkeys
  7 crimson imps
  A quasit (D:10)
  A bullfrog zombie (D:10)
  3 bullfrog skeletons
  3 hounds
  4 jellies
  A centaur skeleton (D:5)
  7 orc priests
  9 orc wizards
  2 iguanas
  2 worker ants
  A hound zombie (D:7)
  A worker ant zombie (D:6)
  9 adders
  18 gnolls
  3 shadow imps
  An ooze (D:4)
  2 adder zombies
  An adder skeleton (D:4)
  6 worms
  2 dart slugs (D:2)
  7 leopard geckos
  35 orcs
  6 bats
  7 giant cockroaches
  6 goblins
  4 hobgoblins
  8 jackals
  7 kobolds
  4 quokkas
  2 ball pythons
  3 frilled lizards
  2 leopard gecko skeletons
  2 quokka zombies
  6 rats
281 creatures vanquished.

Vanquished Creatures (others)
  3 slaves (D:8)
  2 killer bees (D:8)
  A crimson imp (D:8)
  A shadow imp (D:8)
  A plant (D:6)
8 creatures vanquished.

Grand Total: 289 creatures vanquished

Notes
Turn   | Place    | Note
-------+----------+-------------------------------------------
     0 | D:1      | Anmu the Formicid Fighter began the quest for the Orb.
     0 | D:1      | Reached XP level 1. HP: 18/18 MP: 1/1
   227 | D:1      | Reached XP level 2. HP: 22/24 MP: 2/2
   599 | D:2      | Reached XP level 3. HP: 25/29 MP: 3/3
   796 | D:2      | Reached skill level 3 in Axes
   803 | D:2      | Reached XP level 4. HP: 19/35 MP: 4/4
  1790 | D:3      | Reached XP level 5. HP: 25/41 MP: 5/5
  2115 | D:3      | Noticed Sigmund
  2124 | D:3      | Gained mutation: You are weak. (Str -2) [potion of
                  | mutation]
  2124 | D:3      | Gained mutation: Your mind is acute. (Int +2) [potion of
                  | mutation]
  2124 | D:3      | Gained mutation: You possess an exceptional clarity of
                  | mind. [potion of mutation]
  2129 | D:3      | Killed Sigmund
  2129 | D:3      | Reached skill level 4 in Axes
  2129 | D:3      | Reached skill level 1 in Dodging
  2129 | D:3      | Reached XP level 6. HP: 38/48 MP: 6/6
  2188 | D:3      | Found a faded altar of an unknown god.
  2313 | D:3      | Reached skill level 5 in Shields
  2832 | D:4      | Found a runed translucent door.
  2833 | D:4      | Noticed motoroller71's ghost (amateur GrFi)
  2882 | D:4      | Noticed Blork the orc
  2901 | D:4      | Killed Blork the orc
  2901 | D:4      | Reached XP level 7. HP: 23/54 MP: 7/7
  2909 | D:4      | Reached skill level 5 in Axes
  3132 | D:4      | Lost mutation: You are weak. (Str -2) [potion of mutation]
  3132 | D:4      | Lost mutation: You possess an exceptional clarity of mind.
                  | [potion of mutation]
  3132 | D:4      | Lost mutation: Your mind is acute. (Int +2) [potion of
                  | mutation]
  3132 | D:4      | Gained mutation: Your body sometimes deteriorates upon
                  | taking damage. [potion of mutation]
  3132 | D:4      | Gained mutation: Your spells are a little harder to cast,
                  | but a little more powerful. [potion of mutation]
  3133 | D:4      | Lost mutation: Your spells are a little harder to cast, but
                  | a little more powerful. [potion of mutation]
  3133 | D:4      | Lost mutation: Your body sometimes deteriorates upon taking
                  | damage. [potion of mutation]
  3133 | D:4      | Gained mutation: You are frail. (-10% HP) [potion of
                  | mutation]
  3133 | D:4      | Gained mutation: You have large cloven feet. [potion of
                  | mutation]
  3166 | D:4      | Found a runed translucent door.
  3234 | D:4      | Found a staircase to the Ecumenical Temple.
  3243 | Temple   | Entered the Ecumenical Temple
  3599 | D:4      | Found a blossoming altar of Fedhas.
  3599 | D:4      | Found a radiant altar of Vehumet.
  3601 | D:4      | Found a deep blue altar of Sif Muna.
  3626 | D:4      | Found an iron altar of Okawaru.
  3634 | D:4      | Became a worshipper of Warmaster Okawaru
  3901 | D:4      | Found a shattered altar of Ashenzari.
  3907 | D:4      | Reached skill level 5 in Armour
  3907 | D:4      | Reached XP level 8. HP: 49/54 MP: 8/8
  4115 | D:4      | Reached skill level 6 in Axes
  4391 | D:5      | Entered Level 5 of the Dungeon
  4417 | D:5      | Found a bloodstained altar of Trog.
  4958 | D:5      | Noticed Menkaure
  4969 | D:5      | Killed Menkaure
  4969 | D:5      | Reached * piety under Okawaru
  5120 | D:5      | Reached skill level 7 in Axes
  5209 | D:5      | Reached XP level 9. HP: 59/60 MP: 9/9
  5565 | D:6      | Reached skill level 5 in Fighting
  6041 | D:6      | Noticed Edmund
  6058 | D:6      | Killed Edmund
  6058 | D:6      | Reached skill level 8 in Axes
  6086 | D:6      | Noticed Dowan
  6086 | D:6      | Noticed Duvessa
  6098 | D:6      | Killed Dowan
  6113 | D:6      | Killed Duvessa
  6238 | D:6      | Found a glowing silver altar of Zin.
  6431 | D:7      | Found Mili's Jewellery Shop.
  6490 | D:7      | Reached ** piety under Okawaru
  6766 | D:7      | Reached skill level 9 in Axes
  6900 | D:7      | Noticed a moth of wrath
  6902 | D:7      | Found a bloodstained altar of Trog.
  7054 | D:7      | Noticed Ashenai's ghost (novice MiBe)
  7054 | D:7      | Found a runed translucent gate.
  7055 | D:7      | Found a runed translucent gate.
  7056 | D:7      | Found a runed translucent gate.
  7063 | D:7      | Found a roughly hewn altar of Beogh.
  7328 | D:8      | Reached XP level 10. HP: 31/66 MP: 10/10
  7631 | D:8      | Noticed an unseen horror
  7670 | D:8      | Noticed Pikel
  7686 | D:8      | Killed Pikel
  7693 | D:8      | Killed an unseen horror
  7693 | D:8      | Reached *** piety under Okawaru
  7693 | D:8      | Reached skill level 10 in Axes
  8321 | D:8      | Found a hide-covered altar of Uskayaw.
  9416 | D:8      | Found a stormy altar of Qazlal.
  9557 | D:8      | Reached **** piety under Okawaru
  9613 | D:8      | Noticed a +0 dagger
  9613 | D:8      | Noticed a +0 hand axe
  9691 | D:9      | Reached XP level 11. HP: 61/74 MP: 11/11
  9776 | D:9      | Found Lyrgheorch's Antique Weapon Boutique.
  9813 | D:9      | Noticed Erolcha
  9819 | D:9      | Killed Erolcha
  9819 | D:9      | Reached skill level 1 in Stealth
  9929 | D:9      | Reached skill level 1 in Crossbows
 10187 | D:9      | Found a staircase to the Lair.
 10477 | D:10     | Entered Level 10 of the Dungeon
 10562 | D:10     | Reached skill level 11 in Axes
 10848 | D:10     | Reached skill level 1 in Invocations
 10868 | D:10     | Received a gift from Okawaru
 10893 | D:10     | Reached skill level 10 in Shields
 10922 | D:10     | Lost mutation: You are frail. (-10% HP) [potion of
                  | mutation]
 10922 | D:10     | Lost mutation: You have large cloven feet. [potion of
                  | mutation]
 10922 | D:10     | Gained mutation: You do not regenerate when monsters are
                  | visible. [potion of mutation]
 10922 | D:10     | Gained mutation: You are frail. (-10% HP) [potion of
                  | mutation]
 10922 | D:10     | Gained mutation: You expend magic power (3 MP) to
                  | strengthen your wands. [potion of mutation]
 10922 | D:10     | Gained mutation: Your mind is acute. (Int +2) [potion of
                  | mutation]
 11037 | D:10     | Reached ***** piety under Okawaru
 11440 | D:11     | Received a gift from Okawaru
 11675 | D:11     | Noticed an unseen horror
 11711 | D:11     | Killed an unseen horror
 11711 | D:11     | Reached XP level 12. HP: 25/82 MP: 10/13
 11924 | D:11     | Received a gift from Okawaru
 12066 | D:11     | Demolished by a titanic slime creature

Levels and vault maps discovered:
D:1:      sevenhm_arrival_forest_fort_small_6, layout_loops_ring,
          minmay_misc_feat_alley, minmay_misc_feat_secret_circle
D:2:      layout_basic, serial_curves, eino_curves_04, eino_curves_03,
          minmay_tetromino_t2
D:3:      layout_loops_ring, first_ration,
          chequers_ecumenical_altar_simple_redux, grunt_ministairs_14,
          grunt_decor_mini_mirrors, chequers_serial_rivers_micro_b, uniq_sigmund
D:4:      layout_basic, nicolae_overflow_quartered_altars,
          okawaru_ov_weapons_minmay, minmay_temple_entry_glass,
          ebering_ghost_sewer_f, minmay_strange_pillars, uniq_blork_the_orc
D:5:      layout_rooms, lemuel_doored_altar, serial_rivers,
          chequers_serial_rivers_micro_a, chequers_serial_rivers_micro_e,
          chequers_serial_rivers_small_b, chequers_serial_rivers_small_b,
          wad_floor_pattern_1, uniq_menkaure
D:6:      layout_basic, lemuel_round_altar, lexackson_kobold_supper,
          uniq_duvessa, uniq_edmund
D:7:      layout_gridville, biasface_ghost_orc_armoury,
          minmay_shop_enchanted_jewellery, tgw_trog
D:8:      layout_gridville, dancing_weapons_uskayaw, old_standard_altar,
          david_nohive_1, uniq_pikel
D:9:      layout_stronghold, lair_entry_dummy, serial_shops, shop,
          chequers_serial_rivers_small_3, uniq_erolcha
D:10:     layout_roguey
D:11:     layout_basic, special_room [special_room_bee], serial_bayou_lagoon_b
Temple:   nicolae_temple_figure_eight

Skill      XL: |  1  2  3  4  5  6  7  8  9 10 11 |
---------------+----------------------------------+-----
Shields        | 4 5 6 7 9 10 | 10.5
Axes           | 3 4 5 7 9 10 11 | 11.9
Armour         | 4 5 6 7 8 |  8.2
Dodging        | 1 2 3 |  3.8
Fighting       | 4 5 6 7 |  7.9
Stealth        | 1 |  1.2
Crossbows      | 3 |  3.5
Invocations    | 1 |  1.6

Action                   |  1- 3 |  4- 6 |  7- 9 | 10-12 || total
-------------------------+-------+-------+-------+-------++-------
Melee: War axe           |    91 |   122 |   401 |   553 ||  1167
       Kick              |       |       |     7 |       ||     7
 Fire: Arbalest          |       |       |       |    79 ||    79
Invok: Heroism           |       |       |     1 |     6 ||     7
 Abil: Dig               |       |     3 |     5 |    10 ||    18
  Use: Scroll            |       |     6 |     5 |     5 ||    16
       Potion            |       |     3 |     9 |     7 ||    19
  Eat: Chunk             |       |     7 |    11 |    15 ||    33
       Ration            |       |       |     1 |     1 ||     2
Armor: Scale mail        |    39 |    46 |    64 |       ||   149
       Chain mail        |       |       |    51 |   192 ||   243
Dodge: Dodged            |    27 |    51 |   106 |   189 ||   373
Block: Shield            |    60 |    80 |   245 |   368 ||   753

Table legend:
 A = Non-vault XP
 B = Vault XP
 C = Vault XP percentage of total XP
 D = Non-vault monster count
 E = Vault monster count
 F = Vault count percentage of total count
                 A         B        C        D         E       F
            +---------+---------+-------+---------+---------+-------
      Total |   12549 |    4011 |  24.2 |     236 |      44 |  15.7
            +---------+---------+-------+---------+---------+-------
        D:1 |      20 |       0 |   0.0 |      11 |       0 |   0.0
        D:2 |      50 |       2 |   3.8 |      10 |       1 |   9.1
        D:3 |     134 |     259 |  65.9 |      21 |       7 |  25.0
        D:4 |     574 |      90 |  13.6 |      20 |       1 |   4.8
        D:5 |     681 |     169 |  19.9 |      27 |       1 |   3.6
        D:6 |     425 |     487 |  53.4 |      17 |       8 |  32.0
        D:7 |     669 |      20 |   2.9 |      25 |       5 |  16.7
        D:8 |    2480 |    1671 |  40.3 |      34 |      15 |  30.6
        D:9 |     306 |    1003 |  76.6 |      10 |       1 |   9.1
       D:10 |    4983 |       0 |   0.0 |      40 |       0 |   0.0
       D:11 |    2227 |     310 |  12.2 |      21 |       5 |  19.2
            +---------+---------+-------+---------+---------+-------
